 Dungeon Crawl Stone Soup version 0.32-a0-17-gb74e046682 (webtiles) character file.

Game seed: 13233987877322027870

6762 miscthings the Grappler (level 11, -3/77 HPs)
             Began as an Octopode Shapeshifter on Jan 16, 2024.
             Was a Believer of Ashenzari.
             Killed by divine providence
             ... invoked by a meliai
              (15 damage)
             ... on level 8 of the Dungeon.
             The game lasted 00:14:57 (6985 turns).

miscthings the Grappler (Octopode Shapeshifter)     Turns: 6985, Time: 00:14:58

Health: -3/77      AC:  5    Str: 16    XL:     11   Next: 4%
Magic:  11/11      EV: 28    Int: 12    God:    Ashenzari [**....]
Gold:   515        SH:  0    Dex: 26    Spells: 10/10 levels left

rFire   . .          .
                       - Unarmed
rCold   + . .        (shield currently unavailable)
rNeg    . . .        (helmet restricted)
rPois   .            (no amulet)
rElec   .            d - ring "Cryptic Seer" {Dex+6, Sorc, Fort} (curse)
rCorr   .            n - ring of Star-Bound Wisdom {EV+5, Self, Sorc} (curse)
SInv    +            v - ring of the Tethered Seer {AC+4, Melee, Dev} (curse)
Will    +....        o - ring of Curses and Power {Will+, Sorc, Self} (curse)
Stlth   ++           D - +6 ring of dexterity
HPRegen 0.32/turn    (no ring)
MPRegen 0.12/turn    (no ring)
                     (no ring)

%: no passive effects
@: on fire, flux-form, glowing, unable to drink
A: glow, contaminating, almost no armour, amphibious, 8 rings, camouflage 1,
gelatinous body 1, (nimble swimmer 1), tentacles, cold resistance 1, inability
to drink after injury 1
a: Begin Untransformation, Renounce Religion, Shatter the Chains


You were on level 8 of the Dungeon.
You worshipped Ashenzari.
Ashenzari was pleased with you.
You were something dangerously unstable.
You visited 2 branches of the dungeon, and saw 9 of its levels.
You also visited: Sewer.

You collected 515 gold pieces.

Inventory:

Hand Weapons
 u - the +0 demon trident of the Orange Skies {vamp, rPois rN++ Will+}
   (You found it on level 3 of the Dungeon)

   rPois:     It protects you from poison rN++: It greatly protects you from
   negative energy.
   Will+:     It increases your willpower.
Missiles
 q - 2 javelins (quivered)
 A - a throwing net
Armour
 x - a +1 buckler
Jewellery
 d - the cursed ring "Cryptic Seer" (left tentacle) {Dex+6, Sorc, Fort}
   (You found it on level 1 of the Dungeon)

   [ring of dexterity]

   Dex+6:     It affects your dexterity (+6).
   It has a curse which improves the following skills: Sorcery: Conjurations and
   Alchemy.
   Fortitude: Shields.
 n - the cursed ring of Star-Bound Wisdom (right tentacle) {EV+5, Self, Sorc}
   (You found it on level 2 of the Dungeon)

   [ring of evasion]

   EV+5:      It affects your evasion (+5).
   It has a curse which improves the following skills: Introspection: Fighting
   and Spellcasting.
   Sorcery:   Conjurations and Alchemy.
 o - the cursed ring of Curses and Power (on tentacle) {Will+, Sorc, Self}
   (You found it on level 5 of the Dungeon)

   [ring of willpower]

   Will+:     It increases your willpower.
   It has a curse which improves the following skills: Sorcery: Conjurations and
   Alchemy.
   Introspection: Fighting and Spellcasting.
 v - the cursed ring of the Tethered Seer (on tentacle) {AC+4, Melee, Dev}
   (You found it on level 4 of the Dungeon)

   [ring of protection]

   AC+4:      It affects your AC (+4).
   It has a curse which improves the following skills: Melee Combat: Short
   Blades, Long Blades, Axes, Maces & Flails, Polearms, Staves and Unarmed
   Combat.
   Devices:   Evocations and Shapeshifting.
 D - a +6 ring of dexterity (on tentacle)
Talismans
 b - a beast talisman
 c - a flux talisman (active)
Wands
 e - a wand of iceblast (13)
 y - a wand of flame (42)
 C - a wand of charming (8)
Scrolls
 i - 3 scrolls of fog
 l - 2 scrolls of fear
 z - 2 scrolls of immolation
 B - a scroll of revelation
 F - a scroll of teleportation
Potions
 a - 4 potions of lignification
 f - a potion of magic
 g - a potion of curing
 h - a potion of mutation
 j - 2 potions of resistance
 k - 2 potions of brilliance
 m - 3 potions of invisibility
 p - 2 potions of haste
 r - 3 potions of heal wounds
 t - a potion of enlightenment
 w - a potion of cancellation
 E - a potion of ambrosia
Miscellaneous
 s - a sack of spiders


   Skills:
 + Level 6.3(8.0) Fighting
 - Level 4.0 Throwing
 + Level 6.4 Dodging
 * Level 9.3(10.5) Unarmed Combat
 + Level 3.6(4.6) Evocations
 + Level 9.2(10.4) Shapeshifting


You had 10 spell levels left.
You didn't know any spells.
Your spell library contained the following spells:

 Spells                   Type           Power      Damage    Failure   Level
 Cigotuvi's Dreadful Rot  Necr/Alch/Air  0%         N/A       43%         2
 Dazzling Flash           Conj/Hex       0%         N/A       67%         3
 Mephitic Cloud           Conj/Alch/Air  0%         N/A       67%         3
 Stone Arrow              Conj/Erth      0%         3d7       67%         3
 Fugue of the Fallen      Necr           0%         N/A       69%         3
 Ozocubu's Armour         Ice            0%         N/A       69%         3
 Dispel Undead            Necr           0%         3d6       97%         4
 Manifold Assault         Tloc           0%         N/A       97%         4
 Martyr's Knell           Necr/Summ      0%         N/A       97%         4
 Alistair's Intoxication  Alch           0%         N/A       100%        5
 Borgnjor's Vile Clutch   Necr/Erth      0%         N/A       100%        5
 Curse of Agony           Necr           0%         N/A       100%        5
 Silence                  Hex/Air        0%         N/A       100%        5
 Death Channel            Necr           0%         N/A       100%        6
 Eringya's Noxious Bog    Alch           0%         4d6       100%        6
 Lehudib's Crystal Spear  Conj/Erth      0%         10d2      100%        8
 Animate Armour           Summ/Erth      Unusable   N/A       N/A         4

Dungeon Overview and Level Annotations

Branches:
Dungeon (8/15)             Temple (1/1) D:5           Sewer (visited)
   Lair: D:8-11

Altars:
Ashenzari
Cheibriados
Dithmenos
Elyvilon
Fedhas
Gozag
Hepliaklqana
Kikubaaqudgha
Nemelex Xobeh
Okawaru
Qazlal
Sif Muna
Trog
Uskayaw
Wu Jian
Xom
Yredelemnul
Zin
The Shining One

Shops:
D:8 :

Annotations:
D:6 2 runed translucent doors


Innate Abilities, Weirdness & Mutations

You are something dangerously unstable.
You glow with magical radiation, making you easy to see and hit.
Foes you strike become dangerously contaminated with magical radiation.
You are incapable of wielding weapons or throwing items.
You cannot wear most types of armour.
You are amphibious.
You can wear up to eight rings at the same time.
Your skin changes colour to match your surroundings (Stealth+).
Your rubbery body absorbs attacks. (AC +1, EV +1)
((You are camouflaged when in or above water. (Stealth+)))
You have tentacles for arms and can constrict up to eight enemies at once.
Your flesh is cold resistant. (rC+)
You occasionally lose the ability to drink potions when taking damage.


Message History

The deep elf pyromancer gestures at you while chanting.
The pyre arrow hits you.
You are covered in intense liquid fire!
The fire elemental completely misses you.
You tentacle-slap the deep elf pyromancer.
The deep elf pyromancer glows dangerously bright.
The deep elf pyromancer is severely wounded.
The liquid fire burns you!
You constrict the deep elf pyromancer.
The howler monkey hoots and howls with incredible vigour!
The fire elemental completely misses you.
The deep elf pyromancer completely misses you.
You hear a shout!
You hear a faint skittering sound.
You hear a shout!
You hear an angry growl.
You hear a shout!
You hear a bellow!
You tentacle-slap the deep elf pyromancer.
The deep elf pyromancer shudders as magic cascades through it!!
You kill the deep elf pyromancer!
The fire elemental disappears in a puff of smoke!
The liquid fire burns you!
The meliai calls down the wrath of its god upon you.
Something smites you! The howler monkey closely misses you.
Training target 4.0 for Throwing reached!
Your Throwing skill increases to level 4!
You have reached level 11!
You shake off some of the fire as you move.
The liquid fire burns you! The howler monkey barely misses you.
You bludgeon the howler monkey!
The howler monkey begins to glow.
You grab the howler monkey.
The howler monkey is heavily wounded.
The liquid fire burns you!
* * * LOW HITPOINT WARNING * * *
You constrict the howler monkey. The howler monkey closely misses you.
You bludgeon the howler monkey!
You kill the howler monkey!
The liquid fire burns you!
* * * LOW HITPOINT WARNING * * *
The meliai mumbles some strange prayers to its god against you.
Something smites you!
You die...

#.#######.## #.#
##...###########
######.#
#.....#........#
.......##
#'############.#####
........# ##.## ###
#.....# ...######
#...# { .$ #####.#
#.## ####.#### .#
#.....# #.#
#)##.##.##.##.#
####..## #.#
#...[...p.y...#
#.#.## #>#
#†##.##.##.##$#
####.# #.# #.##(####
§# ##. #.# ###..?#
.. ## #.# ### #####
y## ##. #.# #.# .#
##.# #.# #.# ### ..
#.## #.# #.# #.# .#
### #.# #.# #.#


You could see a meliai.

Vanquished Creatures
  Pikel (D:7)
  A deep elf pyromancer (D:8)
  2 elephants (D:8)
  A komodo dragon (D:6)
  3 trolls
  A wraith (D:8)
  A shadow (D:6)
  A vampire mosquito (D:8)
  3 water moccasins (D:5)
  A black bear (D:8)
  3 orc warriors
  Pargi (Sewer)
  An ice beast (D:6)
  3 sky beasts
  3 ogres
  2 centaurs
  3 phantoms
  A brain worm (Sewer)
  A lemure (D:7)
  2 kobold brigands
  A gnoll sergeant (D:6)
  3 bullfrogs (D:8)
  4 scorpions
  2 killer bees
  A howler monkey (D:8)
  6 bombardier beetles
  2 bullfrog zombies (D:4)
  A jelly (D:4)
  4 hounds
  A gnoll bouda (D:6)
  2 iguanas (D:6)
  A sleepcap (D:7)
  7 orc wizards
  3 hound zombies (D:4)
  25 gnolls
  18 adders
  2 shadow imps
  2 white imps
  An adder zombie (D:4)
  A dart slug (D:2)
  2 ribbon worms (D:2)
  34 orcs
  7 bats
  3 endoplasms
  6 giant cockroaches
  6 goblins
  8 hobgoblins
  2 jackals (D:2)
  4 quokkas
  7 ball pythons
  6 frilled lizards
  11 kobolds
  5 rats
223 creatures vanquished.

Vanquished Creatures (others)
  A kobold (D:4)
1 creature vanquished.

Grand Total: 224 creatures vanquished

Notes
Turn   | Place    | Note
-------+----------+-------------------------------------------
     0 | D:1      | miscthings the Octopode Shapeshifter began the quest for
                  | the Orb.
     0 | D:1      | Reached XP level 1. HP: 13/13 MP: 1/1
    55 | D:1      | Reached XP level 2. HP: 16/18 MP: 2/2
   398 | D:1      | Reached XP level 3. HP: 17/23 MP: 3/3
  1069 | D:2      | Reached XP level 4. HP: 26/28 MP: 4/4
  1177 | D:2      | Found a faded altar of an unknown god.
  1738 | D:3      | Reached skill level 5 in Shapeshifting
  1740 | D:3      | Reached XP level 5. HP: 9/33 MP: 5/5
  2027 | D:3      | Identified the +0 demon trident of the Orange Skies {vamp,
                  | rPois rN++ Will+}
  2374 | D:4      | Noticed a phantom
  2421 | D:4      | Reached XP level 6. HP: 34/38 MP: 6/6
  2633 | D:4      | Reached XP level 7. HP: 30/43 MP: 7/7
  2650 | D:4      | HP: 1/43 [bullfrog zombie (6)]
  3369 | D:5      | Entered Level 5 of the Dungeon
  3544 | D:5      | Found a staircase to the Ecumenical Temple.
  3548 | Temple   | Entered the Ecumenical Temple
  3578 | Temple   | Became a worshipper of Ashenzari the Shackled
  3627 | D:5      | Found a glowing drain.
  3691 | Sewer    | Entered a sewer
  3707 | Sewer    | Reached XP level 8. HP: 46/51 MP: 8/8
  3800 | Sewer    | Noticed Pargi
  3807 | Sewer    | Killed Pargi
  3812 | Sewer    | Gained mutation: Your flesh is cold resistant. (rC+)
                  | [potion of mutation]
  3812 | Sewer    | Gained mutation: You occasionally lose the ability to drink
                  | potions when taking damage. [potion of mutation]
  3905 | D:5      | Reached skill level 5 in Unarmed Combat
  3921 | D:5      | Found an ancient bone altar of Kikubaaqudgha.
  4277 | D:5      | Reached XP level 9. HP: 42/58 MP: 9/9
  4513 | D:5      | Found an opulent altar of Gozag.
  4720 | D:6      | Found a large runed translucent door.
  4720 | D:6      | Found a large runed translucent door.
  4752 | D:6      | Noticed a troll
  4756 | D:6      | Killed a troll
  4774 | D:6      | Found the +10 Black Knight's barding {ponderous, rPois rN+}
  4800 | D:6      | Noticed a komodo dragon
  4800 | D:6      | Noticed a troll
  4810 | D:6      | Reached skill level 5 in Dodging
  4819 | D:6      | Found a large runed translucent door.
  4819 | D:6      | Found a large runed translucent door.
  4880 | D:6      | Reached skill level 1 in Throwing
  4960 | D:6      | Reached * piety under Ashenzari
  5062 | D:6      | Found a shadowy altar of Dithmenos.
  5075 | D:6      | Found a glowing silver altar of Zin.
  5332 | D:6      | Found a bloodstained altar of Trog.
  5384 | D:6      | Reached skill level 5 in Fighting
  5601 | D:6      | Killed a troll
  5602 | D:6      | Reached XP level 10. HP: 38/68 MP: 10/10
  5607 | D:6      | Reached skill level 1 in Evocations
  5766 | D:7      | Noticed Pikel
  5783 | D:7      | Killed Pikel
  6013 | D:7      | Reached ** piety under Ashenzari
  6377 | D:8      | Noticed an elephant
  6380 | D:8      | Noticed an elephant
  6389 | D:8      | Killed an elephant
  6410 | D:8      | Killed an elephant
  6838 | D:8      | Found Zaza's Book Boutique.
  6973 | D:8      | Noticed a deep elf pyromancer
  6980 | D:8      | Noticed a meliai
  6982 | D:8      | Killed a deep elf pyromancer
  6983 | D:8      | Reached XP level 11. HP: 44/77 MP: 11/11
  6985 | D:8      | Killed from afar by a meliai

Illustrated notes

Levels and vault maps discovered:
D:1:      onia_arrival_pyramid, layout_basic, serial_rivers,
          chequers_serial_rivers_marsh, chequers_serial_rivers_large_b,
          chequers_serial_rivers_small_a, chequers_serial_rivers_small_b,
          chequers_serial_rivers_room_b, chequers_serial_rivers_small_3,
          chequers_decorated_corner, minmay_tetromino_s2
D:2:      layout_basic, hellmonk_ecumenical_altar_dog_temple
D:3:      layout_basic, wander_ebering_terrifying_dragon_lair
D:4:      layout_cave_pools, serial_undead, serial_undead_f, serial_undead_f,
          serial_undead_c, serial_undead_a, dreamdust_mushroom_princess
D:5:      layout_basic, marbit_many_paths, nicolae_gozag_seed_capital,
          minmay_temple_entry_glassed_door, gup_sewer_entry_glass,
          kennysheep_generic_room_2
D:6:      layout_loops_corners, mainiacjoe_overflow_alcove_4,
          amethyst_overflow_temple_binary, minmay_hollow_rounded_squares
D:7:      layout_cave_pools, uniq_pikel
D:8:      hangedman_cross_veins, layout_loops_ring, nicolae_ru_path_of_blood,
          grunt_lair_entry_orc_guard_hut, serial_shops, shop, uniq_erica
Temple:   compressed_dpeg_circular_temple

Skill      XL: |  1  2  3  4  5  6  7  8  9 10 |
---------------+-------------------------------+-----
Shapeshifting  | 4 5 6 7 8 9 |  9.2
Fighting       | 2 3 5 6 |  6.3
Unarmed Combat | 4 6 8 9 |  9.3
Dodging        | 4 5 6 |  6.4
Throwing       | 2 4 |  4.0
Evocations     | 3 |  3.6

Action                     |  1- 3 |  4- 6 |  7- 9 | 10-12 || total
---------------------------+-------+-------+-------+-------++-------
  Melee: Unarmed           |    66 |    99 |   346 |   132 ||   643
         Constrict         |    21 |    25 |    91 |    28 ||   165
         Tentacles         |    12 |    24 |   102 |    32 ||   170
         Punch             |     4 |     1 |     2 |       ||     7
  Throw: Javelin           |       |     2 |       |       ||     2
 Invoke: Curse Item        |       |       |     2 |     2 ||     4
  Evoke: Sack of spiders   |       |       |     1 |       ||     1
         Wand              |       |       |       |     1 ||     1
    Use: Scroll            |       |     4 |     6 |       ||    10
         Potion            |       |       |     3 |       ||     3
   Stab: Sleeping          |     9 |     5 |     3 |     1 ||    18
 Armour: Skin              |    19 |    34 |    94 |    34 ||   181
  Dodge: Dodged            |    40 |    71 |   269 |   119 ||   499
   Form: Flux              |       |       |     1 |       ||     1

Table legend: (Time is in decaauts)
 A = Elapsed time spent in this place.
 B = Non-inter-level travel time spent in this place.
 C = Inter-level travel time spent in this place.
 D = Time resting spent in this place.
 E = Time spent auto-exploring this place.
 F = Levels seen in this place.
 G = Mean time per level.
                   A        B        C        D        E       F      G
               +--------+--------+--------+--------+--------+-----+--------+
         Total |   6919 |   6700 |    219 |    792 |   4217 |  10 |  691.9 |
       Dungeon |   6732 |   6571 |    161 |    792 |   4157 |   8 |  841.5 |
        Temple |     60 |      2 |     58 |      0 |      0 |   1 |   60.0 |
         Sewer |    127 |    127 |      0 |      0 |     60 |   1 |  127.0 |
               +--------+--------+--------+--------+--------+-----+--------+

Top non-repeatable levels by time:
     D:6: 1171 daAuts
     D:5: 990 daAuts
     D:4: 985 daAuts
     D:2: 905 daAuts
     D:3: 827 daAuts
     D:8: 641 daAuts
     D:1: 636 daAuts
     D:7: 573 daAuts
   Sewer: 127 daAuts
  Temple: 60 daAuts
